 Dungeon Crawl Stone Soup version 0.29-a0-824-gd827844252 (webtiles) character file.

Game seed: 4462980443415717578

1404 Sabo the Chopper (level 9, -6/67 (68) HPs)
             Began as a Formicid Fighter on July 9, 2022.
             Was a Priest of Qazlal.
             Mangled by a wight
             ... wielding a +4 spear
              (7 damage)
             ... on level 6 of the Dungeon.
             The game lasted 00:31:27 (6750 turns).

Sabo the Chopper (Formicid Fighter)                 Turns: 6750, Time: 00:31:27

HP:   -6/67 (68)    AC: 16    Str: 31    XL:     9   Next: 1%
MP:   9/9           EV:  9    Int:  8    God:    Qazlal [***...]
Gold: 347           SH:  9    Dex: 13    Spells: 8/8 levels left

rFire   . . .      SeeInvis +   a - +2 war axe
rCold   . . .      Faith    .   c - +0 buckler
rNeg    . . .      Spirit   .   n - +0 chain mail
rPois   .          Reflect  .   (helmet unavailable)
rElec   .          Harm     .   m - +2 cloak
rCorr   .          Rampage  .   (no gloves)
Will    +....                   h - +2 pair of boots
Stlth   ..........              (no amulet)
HPRegen 0.21/turn               g - ring of willpower
MPRegen 0.11/turn               i - +6 ring of strength

@: lethally poisoned (-6 -> -20), lightly drained
A: permanent stasis, dig shafts and tunnels, antennae 3, four strong arms, wild
magic 2
a: Dig, Shaft Self, Renounce Religion, Upheaval, Elemental Force


You were on level 6 of the Dungeon.
You worshipped Qazlal.
Qazlal was most pleased with you.
You visited 1 branch of the dungeon, and saw 6 of its levels.

You collected 347 gold pieces.

Inventory:

Hand Weapons
 a - a +2 war axe (weapon)
 d - a +5 dagger of flaming
 w - a +2 falchion of holy wrath
Missiles
 b - 9 poisoned darts
 l - a throwing net
Armour
 c - a +0 buckler (worn)
 h - a +2 pair of boots (worn)
 m - a +2 cloak (worn)
 n - a +0 chain mail (worn)
Jewellery
 g - a ring of willpower (left hand)
 i - a +6 ring of strength (right hand)
 p - an amulet of faith
Wands
 s - a wand of roots (5)
 x - a wand of digging (2)
 y - a wand of flame (7)
Scrolls
 e - 2 scrolls of enchant armour
 f - a scroll of silence
 q - a scroll of teleportation {unknown}
Potions
 j - a potion of mutation
 k - a potion of berserk rage {unknown}
 o - a potion of lignification {unknown}
 t - 2 potions of haste
 u - a potion of brilliance {unknown}
 v - a potion of curing {unknown}
 z - a potion of ambrosia {unknown}


   Skills:
 + Level 5.4 Fighting
 + Level 7.7 Axes
 + Level 5.4 Armour
 + Level 0.9 Dodging
 + Level 0.5 Stealth
 + Level 6.8 Shields
 + Level 0.2 Evocations


You had 8 spell levels left.
You didn't know any spells.
Your spell library contained the following spells:

 Spells                   Type           Power      Damage    Failure   Level
 Magic Dart               Conj           0%         1d3       98%         1
 Call Imp                 Summ           0%         N/A       99%         2
 Mephitic Cloud           Conj/Pois/Air  0%         N/A       100%        3
 Ozocubu's Armour         Ice            0%         N/A       100%        3
 Metabolic Englaciation   Hex/Ice        0%         N/A       100%        5
 Simulacrum               Ice/Necr       0%         N/A       100%        6


Dungeon Overview and Level Annotations

Branches:
Dungeon (6/15)             Temple (0/1) D:4

Altars:
Ashenzari
Cheibriados
Elyvilon
Hepliaklqana
Nemelex Xobeh
Qazlal
Vehumet
Xom


Innate Abilities, Weirdness & Mutations

You cannot be hasted, slowed, berserked, paralysed or teleported.
You can dig through walls and to a lower floor.
You have a pair of large antennae on your head. (SInv)
Your four strong arms can wield two-handed weapons with a shield.
Your spells are harder to cast, but more powerful.


Message History

The orc wizard is poisoned.
The wight is engulfed in freezing vapours.
The wight hits you but does no damage.
The orc is engulfed in poison gas.
The orc is poisoned.
You block the wight's attack. The wight barely misses you.
The scorpion is engulfed in poison gas.
The scorpion is poisoned.
The water moccasin barely misses you. You block the wight's attack.
The orc wizard is engulfed in poison gas.
The orc wizard looks even sicker.
The wight hits you but does no damage.
The wight is engulfed in freezing vapours.
The wight hits you with a +2 scimitar.
* * * LOW HITPOINT WARNING * * *
The orc is engulfed in poison gas.
The orc looks even sicker.
You kill the orc!
Qazlal accepts your kill.
It was a potion of haste.
Your stasis prevents you from being hasted.
* * * LOW HITPOINT WARNING * * *
You feel very sick.
The scorpion looks even sicker.
You block the water moccasin's attack.
The orc wizard is engulfed in poison gas.
The orc wizard looks even sicker.
You kill the orc wizard!
Qazlal accepts your kill.
The wight is engulfed in freezing vapours.
The wight barely misses you. You block the wight's attack.
The wight hits you but does no damage.
You have reached level 9!
Your experience leads to an increase in your attributes!
Your base attributes are Str 23, Int 8, Dex 13.
Increase (S)trength, (I)ntelligence, or (D)exterity?
You feel stronger. x2
It was a potion of mutation.
You feel extremely strange.
You feel less in control of your magic. x2
* * * LOW HITPOINT WARNING * * *
You feel very sick.
The water moccasin bites you but does no damage.
The scorpion is engulfed in poison gas.
The scorpion looks even sicker.
The wight barely misses you.
The wight hits you from afar with a +4 spear!
You die...

###§§§###☼ ....
##§§§§§§☼§##....
##§§§§§§§§§§.....
#§§§§§§§§☼§§.....
#☼§☼§§§§☼§☼☼.....
#§§§§§§§§§§§.....
#§§§☼§§§☼§§..)..
#§☼@Sz§s§§☼.....
#§§zz.§§§§......
##§§§§§§§§§.....
#§☼§☼§☼§§☼.....
#§§§§☼§§☼§#....
##########.....
..... ..... ....


You could see a water moccasin, a scorpion (very poisoned) and 3 wights.

Vanquished Creatures
  Menkaure (D:4)
  Duvessa (D:4)
  3 ogres (D:5)
  3 phantoms (D:4)
  A necrophage (D:4)
  A scorpion (D:5)
  Dowan (D:4)
  A centaur zombie (D:4)
  A bullfrog zombie (D:4)
  A hound (D:4)
  2 orc priests
  A centaur skeleton (D:4)
  A scorpion zombie (D:4)
  3 orc wizards
  4 hound zombies (D:4)
  A mummy (D:5)
  3 gnolls (D:5)
  A howler monkey skeleton (D:4)
  4 adders
  An ufetubus (D:5)
  An adder zombie (D:4)
  A worm (D:4)
  A dart slug (D:3)
  14 orcs
  10 ball pythons
  9 endoplasms
  3 giant cockroaches
  4 goblins
  5 hobgoblins
  4 jackals (D:1)
  5 quokkas
  4 bats
  3 frilled lizards
  2 hobgoblin zombies (D:5)
  6 kobolds
  2 orc zombies (D:5)
  9 rats
  A butterfly (D:4)
119 creatures vanquished.

Vanquished Creatures (others)
  A withered plant (D:4)
1 creature vanquished.

Grand Total: 120 creatures vanquished

Notes
Turn   | Place    | Note
-------+----------+-------------------------------------------
     0 | D:1      | Sabo the Formicid Fighter began the quest for the Orb.
     0 | D:1      | Reached XP level 1. HP: 18/18 MP: 1/1
    73 | D:1      | Found a faded altar of an unknown god.
   219 | D:1      | Prayed at the altar of an unknown god.
   219 | D:1      | Became a worshipper of Qazlal Stormbringer
   219 | D:1      | Reached * piety under Qazlal
   257 | D:1      | Reached XP level 2. HP: 22/24 MP: 2/2
   662 | D:1      | Reached XP level 3. HP: 28/29 MP: 3/3
   768 | D:1      | Reached ** piety under Qazlal
  1887 | D:2      | Reached skill level 3 in Axes
  1887 | D:2      | Reached XP level 4. HP: 35/35 MP: 4/4
  3063 | D:3      | Found a hazy altar of Hepliaklqana.
  3744 | D:4      | Noticed a phantom
  3758 | D:4      | Killed a phantom
  3759 | D:4      | Reached skill level 5 in Shields
  3759 | D:4      | Reached XP level 5. HP: 34/42 MP: 5/5
  3773 | D:4      | Reached skill level 4 in Axes
  3773 | D:4      | Reached XP level 6. HP: 37/48 MP: 6/6
  4012 | D:4      | Noticed Menkaure
  4020 | D:4      | Killed Menkaure
  4021 | D:4      | Reached skill level 5 in Axes
  4293 | D:4      | Found a white marble altar of Elyvilon.
  4301 | D:4      | Reached XP level 7. HP: 54/54 MP: 7/7
  4581 | D:4      | Found a sparkling altar of Nemelex Xobeh.
  4661 | D:4      | Noticed Dowan
  4662 | D:4      | Noticed Duvessa
  4681 | D:4      | Killed Duvessa
  4682 | D:4      | Reached skill level 6 in Axes
  4685 | D:4      | Killed Dowan
  4685 | D:4      | Reached *** piety under Qazlal
  4686 | D:4      | Reached XP level 8. HP: 20/61 MP: 8/8
  5036 | D:4      | Found a staircase to the Ecumenical Temple.
  5109 | D:4      | Found a broken altar of Ashenzari.
  5115 | D:4      | Found a shimmering altar of Xom.
  5238 | D:4      | Found a snail-covered altar of Cheibriados.
  5603 | D:5      | Entered Level 5 of the Dungeon
  5665 | D:5      | Reached skill level 5 in Fighting
  5665 | D:5      | Reached skill level 7 in Axes
  5665 | D:5      | Reached skill level 5 in Armour
  5965 | D:5      | Found a radiant altar of Vehumet.
  6750 | D:6      | Reached XP level 9. HP: 5/67 MP: 9/9
  6750 | D:6      | Gained mutation: Your spells are a little harder to cast,
                  | but a little more powerful. [potion of mutation]
  6750 | D:6      | Gained mutation: Your spells are harder to cast, but more
                  | powerful. [potion of mutation]
  6750 | D:6      | HP: 1/67 [poisoned by a water moccasin]
  6750 | D:6      | Mangled by a wight

Illustrated notes

Levels and vault maps discovered:
D:1:      amcnicky_arrival_wind_blow, layout_basic,
          hellmonk_ecumenical_altar_slurped_away, minmay_box_of_dots
D:2:      layout_basic, serial_corexii_hall, corexii_hall_statues_t,
          corexii_hall_statues_l, chequers_big_river
D:3:      layout_basic, nicolae_hepliaklqana_hippocampus
D:4:      layout_gridville, nemelex_spade_bored_becter,
          nicolae_elyvilon_peaceful_grove, kennysheep_mini_moat,
          mainiacjoe_overflow_big_doors, minmay_temple_entry_junction,
          serial_undead, serial_undead_d, serial_undead_d, serial_undead_c,
          serial_undead_a, serial_undead_f, serial_undead_f,
          kennysheep_orc_chapel, uniq_duvessa, uniq_menkaure
D:5:      layout_basic, mainiacjoe_overflow_cross_hatched, minmay_mini_ossuary
D:6:      layout_cave_pods, mainiacjoe_overflow_tiny_flanked, lemuel_tele_altar,
          ebering_ghost_inner_flame

Skill      XL: |  1  2  3  4  5  6  7  8 |
---------------+-------------------------+-----
Axes           | 3 4 5 6 7 |  7.7
Armour         | 4 5 |  5.4
Shields        | 5 6 |  6.8
Fighting       | 4 5 |  5.4
Dodging        | |  0.9
Stealth        | |  0.5
Evocations     | |  0.2

Action                   |  1- 3 |  4- 6 |  7- 9 || total
-------------------------+-------+-------+-------++-------
Melee: War axe           |    80 |    96 |   168 ||   344
Evoke: Wand              |       |       |     1 ||     1
  Use: Scroll            |     3 |       |     9 ||    12
       Potion            |       |     1 |     4 ||     5
Armor: Scale mail        |    37 |     3 |       ||    40
       Chain mail        |       |    41 |    82 ||   123
Dodge: Dodged            |    34 |    36 |    51 ||   121
Block: Buckler           |    29 |    36 |    97 ||   162

Table legend: (Time is in decaauts)
 A = Elapsed time spent in this place.
 B = Non-inter-level travel time spent in this place.
 C = Inter-level travel time spent in this place.
 D = Time resting spent in this place.
 E = Time spent auto-exploring this place.
 F = Levels seen in this place.
 G = Mean time per level.
                   A        B        C        D        E       F      G
               +--------+--------+--------+--------+--------+-----+--------+
         Total |   6852 |   6852 |      0 |   1531 |      0 |   6 | 1142.0 |
       Dungeon |   6852 |   6852 |      0 |   1531 |      0 |   6 | 1142.0 |
               +--------+--------+--------+--------+--------+-----+--------+

Top non-repeatable levels by time:
     D:4: 2052 daAuts
     D:2: 1317 daAuts
     D:3: 1301 daAuts
     D:5: 1138 daAuts
     D:1: 1022 daAuts
     D:6: 19 daAuts
